AoeStats
← スカムバッグ

African Clearing

506891627Analyzed
4v4 RM · 16d ago on Sep 15, 2026· 47m 6s· 8 players
Game mode
Random Map
Map size
Large (8 player)
Population
200
Speed
Normal
Resources
Standard
Victory
Conquest
Starting age
Dark Age
Ending age
Imperial Age
RankedLock teamsTeams togetherTeam positionsShared explorationLock speedFull tech treeHidden civsTurbo modeCheats
Victory
Defeat
🇨🇿 Vietnamese · Czechia
1073
+13
🇨🇴 Magyars · Colombia
1061
+14
🇨🇿 Khmer · Czechia
997
+16
🇸🇰 Slavs · Slovakia
997
+17
🇮🇹 Maya · Italy
1033
-16
🇮🇹 Goths · Italy
1026
-37
🇱🇹 Gurjaras · Lithuania
996
-14
🇦🇹 Tupi · Austria
996
-14
Nobody
13:54 Feudal Age
12:12 Loom
15:23 Double-Bit Axe
16:16 Horse Collar
19:57 Castle Age
19:09 Fletching
22:37 Crossbowman
23:26 Elite Skirmisher
26:59 Wheelbarrow
26:17 Gold Mining
26:43 Bow Saw
27:55 Sanctity
30:06 Bodkin Arrow
30:11 Padded Archer Armor
31:35 Fervor
32:15 Hand Cart
32:54 Leather Archer Armor
38:54 Imperial Age
38:22 Heavy Plow
38:52 Pikeman
41:28 Guilds
41:49 Coinage
43:13 Bracer
43:44 Ring Archer Armor
45:06 Two-Man Saw
44:01 Halberdier
Mr.Arcibaal
8:21 Loom
16:40 Feudal Age
21:11 Double-Bit Axe
23:58 Castle Age
22:55 Wheelbarrow
24:02 Double-Bit Axe
24:41 Squires
24:02 Pikeman
34:45 Hand Cart
Mr.MoneyBoy
15:36 Feudal Age
17:08 Fishing Lines
17:16 Loom
20:11 Castle Age
18:29 Double-Bit Axe
18:35 Stone Mining
18:35 Gold Mining
21:18 Bow Saw
21:44 Gold Shaft Mining
22:59 Gillnets
28:40 Town Watch
29:34 Wheelbarrow
30:40 Scale Mail Armor
30:51 Forging
32:51 Iron Casting
32:31 Chain Mail Armor
33:17 Squires
32:53 Pikeman
35:15 Caciques
39:57 Imperial Age
38:52 Hand Cart
38:38 Town Patrol
38:30 Fletching
38:40 Padded Archer Armor
39:49 Ballistics
39:10 Treadmill Crane
39:26 Murder Holes
41:08 Bodkin Arrow
41:35 Conscription
41:33 Curare
41:49 Leather Archer Armor
43:36 Chemistry
43:09 Bracer
43:40 Ring Archer Armor
44:37 Elite Blackwood Archer
rolkill
10:42 Loom
13:33 Feudal Age
15:02 Double-Bit Axe
19:53 Horse Collar
23:00 Castle Age
22:28 Bloodlines
23:59 Heavy Plow
26:48 Bow Saw
29:25 Husbandry
31:12 Fletching
34:00 Fishing Lines
36:43 Scale Barding Armor
36:51 Forging
41:41 Wheelbarrow
44:56 Imperial Age
43:42 Chain Barding Armor
43:58 Iron Casting
43:18 Bodkin Arrow
44:39 Kshatriyas
44:47 Scale Mail Armor
45:13 Ballistics
45:59 Conscription
46:24 Murder Holes
スカムバッグ
12:24 Feudal Age
20:47 Castle Age
21:16 Loom
32:26 Imperial Age
32:10 Light Cavalry
33:03 Forging
32:59 Scale Barding Armor
37:13 Hussar
40:50 Iron Casting
40:35 Chain Barding Armor
43:44 Wheelbarrow
44:14 Blast Furnace
45:11 Plate Barding Armor
Aballion
14:10 Feudal Age
14:35 Double-Bit Axe
14:32 Horse Collar
14:58 Gold Mining
24:43 Castle Age
23:47 Loom
25:27 Heavy Plow
25:41 Bow Saw
30:31 Gold Shaft Mining
29:47 Stone Mining
32:31 Imperial Age
30:42 Heavy Plow
32:50 Wheelbarrow
32:01 Town Watch
32:35 Murder Holes
34:01 Conscription
33:52 Detinets
34:13 Hand Cart
35:00 Two-Man Saw
34:34 Husbandry
34:44 Bloodlines
34:55 Forging
35:58 Crop Rotation
36:08 Scale Barding Armor
38:05 Ballistics
38:45 Chemistry
37:57 Masonry
38:36 Town Patrol
38:32 Elite Boyar
40:24 Hoardings
39:47 Fletching
41:37 Bodkin Arrow
42:20 Iron Casting
42:05 Chain Barding Armor
41:41 Bodkin Arrow
45:49 Blast Furnace
45:25 Plate Barding Armor
Tady je Německo
12:55 Feudal Age
13:31 Double-Bit Axe
14:04 Loom
14:26 Gold Mining
14:21 Horse Collar
16:01 Fletching
17:05 Wheelbarrow
19:21 Wheelbarrow
22:35 Castle Age
24:11 Hand Cart
24:26 Thumb Ring
24:25 Stone Mining
24:46 Bow Saw
25:36 Thumb Ring
26:56 Town Watch
27:48 Ballistics
27:35 Bodkin Arrow
31:18 Heavy Plow
37:06 Imperial Age
37:13 Heavy Cavalry Archer
38:08 Bracer
38:08 Padded Archer Armor
38:14 Padded Archer Armor
38:05 Elite Rattan Archer
39:10 Caravan
39:45 Leather Archer Armor
42:05 Town Patrol
43:27 Chemistry
42:33 Siege Engineers
42:16 Crossbowman
44:04 Ring Archer Armor
43:39 Arbalester
46:43 Two-Man Saw
danielcv1112
6:03 Loom
13:36 Feudal Age
15:24 Double-Bit Axe
18:09 Castle Age
17:25 Stone Mining
19:49 Horse Collar
22:13 Bow Saw
24:53 Town Watch
26:04 Wheelbarrow
26:00 Scale Barding Armor
27:47 Town Patrol
28:25 Gold Mining
29:13 Chain Barding Armor
32:05 Heavy Plow
37:58 Imperial Age
36:51 Fletching
37:28 Ballistics
38:19 Bloodlines
38:09 Husbandry
37:55 Light Cavalry
38:01 Cavalier
39:20 Plate Barding Armor
38:29 Elite Skirmisher
39:36 Conscription
40:45 Crop Rotation
40:27 Bodkin Arrow
42:03 Two-Man Saw
41:59 Bracer
42:00 Padded Archer Armor
45:02 Chemistry
43:24 Imperial Skirmisher
44:58 Thumb Ring
45:07 Hussar
Connection lost

Rejoining the realm…

Still unreachable

The connection could not be restored.

Session expired

The server has moved on; the page needs a fresh start.